PAA
MERCER ISLAND SCREAMING EAGLES @ MARQUETTE MINERS
07/11/2034
 
TOP OF THE 1ST
Mercer Island Screaming Eagles batting - Pitching for Marquette Miners : RHP Eric Alderliesten
Pitching: RHP Eric Alderliesten
Batting: SHB Serious Lee 0-0: Called Strike
0-1: Foul Ball, location: 2F
0-2: Foul Ball, location: 2F
0-2: Ground out U3 (Groundball, 3)
Batting: RHB Ed Bowers 0-0: Ball
1-0: Foul Ball, location: 2F
1-1: Swinging Strike
1-2: Ball
2-2: Ground out 3-1 (Groundball, 34S)
Batting: SHB Jeffery Simpson 0-0: Ball
1-0: Swinging Strike
1-1: Ball
2-1: Fly out, F8 (Flyball, 8LM)
Top of the 1st over - 0 runs, 0 hits, 0 errors, 0 left on base; Mercer Island 0 - Marquette 0
BOTTOM OF THE 1ST
Marquette Miners batting - Pitching for Mercer Island Screaming Eagles : RHP Dan Taylor
Pitching: RHP Dan Taylor
Batting: RHB Steve Albright 0-0: Called Strike
0-1: Foul Ball, location: 2F
0-2: Fly out, F5 (Line Drive, 5L)
Batting: RHB Arvi Sutinen 0-0: DOUBLE (Line Drive, 7LM)
Batting: RHB Brock Dean 0-0: Ball
Arvi Sutinen is caught stealing 3rd base
1-0: Called Strike
1-1: Foul Ball, location: 2F
1-2: Foul Ball, location: 2F
1-2: Ball
2-2: Ground out 6-3 (Groundball, 6)
Bottom of the 1st over - 0 runs, 1 hit, 0 errors, 0 left on base; Mercer Island 0 - Marquette 0
TOP OF THE 2ND
Mercer Island Screaming Eagles batting - Pitching for Marquette Miners : RHP Eric Alderliesten
Batting: RHB Oliver Burrell 0-0: Swinging Strike
0-1: Called Strike
0-2: Ball
1-2: Ball
2-2: Ball
3-2: Base on Balls
Batting: RHB Juan Reyes 0-0: Ball
1-0: Swinging Strike
1-1: Foul Ball, location: 2F
1-2: Foul Ball, location: 2F
1-2: Ball
2-2: Foul Ball, location: 2F
2-2: Strikes out swinging
Batting: SHB Jason Graham 0-0: Ball
1-0: Ball
2-0: SINGLE (Line Drive, 6MD)
Oliver Burrell to second
Batting: RHB Alfredo García 0-0: Ball
1-0: Fly out, F8 (Flyball, 8LM)
Batting: RHB Bart Goodine 0-0: Called Strike
0-1: Fly out, F3 (Line Drive, 4)
Top of the 2nd over - 0 runs, 1 hit, 0 errors, 2 left on base; Mercer Island 0 - Marquette 0
BOTTOM OF THE 2ND
Marquette Miners batting - Pitching for Mercer Island Screaming Eagles : RHP Dan Taylor
Batting: RHB Sameen Shaw 0-0: Ground out 6-3 (Groundball, 56D)
Batting: RHB Franklin Kelley 0-0: Called Strike
0-1: Ball
1-1: Ball
2-1: SINGLE (Flyball, 7S)
Batting: RHB Eli Cline 0-0: Foul Ball, location: 2F
0-1: Ball
1-1: Ground out 3-1 (Groundball, 34S)
Franklin Kelley to second
Batting: RHB Matt Cleveland 0-0: Ball
1-0: Ball
2-0: Called Strike
2-1: Ball
3-1: Fly out, F7 (Flyball, 78D)
Bottom of the 2nd over - 0 runs, 1 hit, 0 errors, 1 left on base; Mercer Island 0 - Marquette 0
TOP OF THE 3RD
Mercer Island Screaming Eagles batting - Pitching for Marquette Miners : RHP Eric Alderliesten
Batting: RHB Juan Dávila 0-0: Ball
1-0: Called Strike
1-1: Ball
2-1: Swinging Strike
2-2: Strikes out swinging
Batting: SHB Serious Lee 0-0: Called Strike
0-1: Foul Ball, location: 2F
0-2: Foul Ball, location: 2F
0-2: Ball
1-2: Ball
2-2: Strikes out looking
Batting: RHB Ed Bowers 0-0: SINGLE (Groundball, 15S) (infield hit)
Batting: SHB Jeffery Simpson 0-0: Ball
1-0: Ball
2-0: Fly out, F1 (Line Drive, 15)
Top of the 3rd over - 0 runs, 1 hit, 0 errors, 1 left on base; Mercer Island 0 - Marquette 0
BOTTOM OF THE 3RD
Marquette Miners batting - Pitching for Mercer Island Screaming Eagles : RHP Dan Taylor
Batting: RHB Vic Funnell 0-0: Ball
1-0: Fly out, F3 (Popup, 34)
Batting: RHB Ryan French 0-0: Called Strike
0-1: Ball
1-1: Ball
2-1: Called Strike
2-2: Strikes out swinging
Batting: RHB Steve Albright 0-0: Ball
1-0: Called Strike
1-1: Ball
2-1: Swinging Strike
2-2: Strikes out swinging
Bottom of the 3rd over - 0 runs, 0 hits, 0 errors, 0 left on base; Mercer Island 0 - Marquette 0
TOP OF THE 4TH
Mercer Island Screaming Eagles batting - Pitching for Marquette Miners : RHP Eric Alderliesten
Batting: RHB Oliver Burrell 0-0: Swinging Strike
0-1: Foul Ball, location: 2F
0-2: Ball
1-2: Foul Ball, location: 2F
1-2: Foul Ball, location: 2F
1-2: Foul Ball, location: 2F
1-2: Ball
2-2: Ball
3-2: Base on Balls
Batting: RHB Juan Reyes 0-0: Called Strike
0-1: Ball
1-1: Foul Ball, location: 2F
1-2: Foul Ball, location: 2F
1-2: Strikes out swinging
Batting: SHB Jason Graham 0-0: Swinging Strike
0-1: Called Strike
0-2: Ball
1-2: Ball
2-2: Strikes out swinging
Batting: RHB Alfredo García 0-0: Ball
1-0: Ball
2-0: Ball
3-0: Called Strike
3-1: Called Strike
3-2: Ground out 5-3 (Groundball, 56)
Top of the 4th over - 0 runs, 0 hits, 0 errors, 1 left on base; Mercer Island 0 - Marquette 0
BOTTOM OF THE 4TH
Marquette Miners batting - Pitching for Mercer Island Screaming Eagles : RHP Dan Taylor
Batting: RHB Arvi Sutinen 0-0: Ground out 5-3 (Groundball, 56S)
Batting: RHB Brock Dean 0-0: Ground out 6-3 (Groundball, 56)
Batting: RHB Sameen Shaw 0-0: Called Strike
0-1: Ball
1-1: Ball
2-1: Foul Ball, location: 2F
2-2: Ground out 5-3 (Groundball, 5D)
Bottom of the 4th over - 0 runs, 0 hits, 0 errors, 0 left on base; Mercer Island 0 - Marquette 0
TOP OF THE 5TH
Mercer Island Screaming Eagles batting - Pitching for Marquette Miners : RHP Eric Alderliesten
Batting: RHB Bart Goodine 0-0: Called Strike
0-1: Ball
1-1: Fly out, F8 (Flyball, 78M)
Batting: RHB Juan Dávila 0-0: SINGLE (Line Drive, 78S)
Batting: SHB Serious Lee 0-0: Ball
1-0: Ball
Balk!
Juan Dávila to second
2-0: SINGLE (Groundball, 34D)
Juan Dávila to third
Runner from 3rd tries for Home, SAFE, throw made home
Batting: RHB Ed Bowers 0-0: Called Strike
Serious Lee steals 2nd base
0-1: Ball
1-1: Ground out 5-3 (Groundball, 5)
Batting: SHB Jeffery Simpson 0-0: Ball
1-0: SINGLE (Line Drive, 7S)
Serious Lee to third
Runner from 3rd tries for Home, throw and OUT!
Top of the 5th over - 1 run, 3 hits, 0 errors, 1 left on base; Mercer Island 1 - Marquette 0
BOTTOM OF THE 5TH
Marquette Miners batting - Pitching for Mercer Island Screaming Eagles : RHP Dan Taylor
Batting: RHB Franklin Kelley 0-0: Ball
1-0: Called Strike
1-1: Ball
2-1: Foul Ball, location: 2F
2-2: Foul Ball, location: 2F
2-2: Strikes out swinging
Batting: RHB Eli Cline 0-0: Ball
1-0: Ball
2-0: Ball
3-0: Base on Balls
Batting: RHB Matt Cleveland 0-0: Ball
Wild Pitch!
Eli Cline to second
1-0: Fly out, F3 (Popup, 23F)
Batting: RHB Vic Funnell 0-0: Ball
1-0: Swinging Strike
1-1: Ball
2-1: Foul Ball, location: 2F
2-2: Ball
3-2: SINGLE (Line Drive, 6D)
Eli Cline to third
Eli Cline scores
Batting: RHB Ryan French 0-0: Ball
1-0: Called Strike
1-1: Ball
2-1: Fly out, F8 (Flyball, 8RM)
Bottom of the 5th over - 1 run, 1 hit, 0 errors, 1 left on base; Mercer Island 1 - Marquette 1
TOP OF THE 6TH
Mercer Island Screaming Eagles batting - Pitching for Marquette Miners : RHP Eric Alderliesten
Batting: RHB Oliver Burrell 0-0: Ball
1-0: Swinging Strike
1-1: Ball
2-1: Ball
3-1: Foul Ball, location: 2F
3-2: Foul Ball, location: 2F
3-2: Base on Balls
Batting: RHB Juan Reyes 0-0: Ball
1-0: Ball
2-0: Ball
3-0: Called Strike
3-1: SINGLE (Groundball, 6MD)
Oliver Burrell to second
Runner from 2nd tries for 3rd, SAFE, no throw
Batting: SHB Jason Graham 0-0: Ball
1-0: Swinging Strike
1-1: Foul Ball, location: 2F
1-2: Ball
2-2: Ball
3-2: Base on Balls
Juan Reyes to second
Batting: RHB Alfredo García 0-0: Ball
1-0: Ball
2-0: Grounds into fielders choice 6-2 (Groundball, 56)
Juan Reyes to third
Jason Graham to second
Batting: RHB Bart Goodine 0-0: Ball
1-0: Grounds into double play, 6-2-3 (Groundball, 6)
Top of the 6th over - 0 runs, 1 hit, 0 errors, 2 left on base; Mercer Island 1 - Marquette 1
BOTTOM OF THE 6TH
Marquette Miners batting - Pitching for Mercer Island Screaming Eagles : RHP Dan Taylor
Batting: RHB Steve Albright 0-0: Ball
1-0: Called Strike
1-1: Foul Ball, location: 2F
1-2: Strikes out swinging
Batting: RHB Arvi Sutinen 0-0: Ball
1-0: Called Strike
1-1: Ball
2-1: Ground out 5-3 (Groundball, 56)
Batting: RHB Brock Dean 0-0: Ball
1-0: Foul Ball, location: 2F
1-1: Foul Ball, location: 2F
1-2: Hit by Pitch
Batting: RHB Sameen Shaw 0-0: Ball
Brock Dean steals 2nd base
1-0: Ball
2-0: Called Strike
2-1: Ground out 6-3 (Groundball, 56)
Bottom of the 6th over - 0 runs, 0 hits, 0 errors, 1 left on base; Mercer Island 1 - Marquette 1
TOP OF THE 7TH
Mercer Island Screaming Eagles batting - Pitching for Marquette Miners : RHP Eric Alderliesten
Batting: RHB Juan Dávila 0-0: Ball
1-0: Foul Ball, location: 2F
1-1: Ball
2-1: Swinging Strike
2-2: Ball
3-2: Strikes out swinging
Batting: SHB Serious Lee 0-0: Ball
1-0: Ground out U3 (Groundball, 3)
Batting: RHB Ed Bowers 0-0: Ball
1-0: Called Strike
1-1: Ball
2-1: Ball
3-1: Base on Balls
Pitching: RHP Jude Cordingley
Batting: SHB Jeffery Simpson 0-0: Ball
1-0: Fly out, F8 (Flyball, 8LXD)
Top of the 7th over - 0 runs, 0 hits, 0 errors, 1 left on base; Mercer Island 1 - Marquette 1
BOTTOM OF THE 7TH
Marquette Miners batting - Pitching for Mercer Island Screaming Eagles : RHP Dan Taylor
Batting: RHB Franklin Kelley 0-0: Ball
1-0: Called Strike
1-1: Called Strike
1-2: Ground out 3-1 (Groundball, 34S)
Batting: RHB Eli Cline 0-0: Ball
1-0: Ball
2-0: Ball
3-0: Called Strike
3-1: Ground out 6-3 (Groundball, 56)
Batting: RHB Matt Cleveland 0-0: Ball
1-0: Foul Ball, location: 2F
1-1: Swinging Strike
1-2: Foul Ball, location: 2F
1-2: Ball
2-2: Strikes out swinging
Bottom of the 7th over - 0 runs, 0 hits, 0 errors, 0 left on base; Mercer Island 1 - Marquette 1
TOP OF THE 8TH
Mercer Island Screaming Eagles batting - Pitching for Marquette Miners : RHP Jude Cordingley
Batting: RHB Oliver Burrell 0-0: Ball
1-0: Ball
2-0: Foul Ball, location: 2F
2-1: Ball
3-1: Foul Ball, location: 2F
3-2: Base on Balls
Batting: RHB Juan Reyes 0-0: Ball
1-0: Fly out, F4 (Popup, 4)
Batting: SHB Jason Graham 0-0: Foul Ball, location: 2F
0-1: Foul Ball, location: 2F
0-2: Strikes out looking
Batting: RHB Alfredo García 0-0: Called Strike
0-1: Fly out, F7 (Flyball, 7LS)
Top of the 8th over - 0 runs, 0 hits, 0 errors, 1 left on base; Mercer Island 1 - Marquette 1
BOTTOM OF THE 8TH
Marquette Miners batting - Pitching for Mercer Island Screaming Eagles : RHP Dan Taylor
Pitching: RHP Esteban Miroz
Pinch Hitting: LHB Carlos Germán 0-0: Called Strike
0-1: Foul Ball, location: 2F
0-2: Ball
1-2: Strikes out swinging
Batting: RHB Ryan French 0-0: Ball
1-0: Ball
2-0: Foul Ball, location: 2F
2-1: Ball
3-1: Foul Ball, location: 2F
3-2: Foul Ball, location: 2F
3-2: Base on Balls
Batting: RHB Steve Albright 0-0: Ball
1-0: Ball
2-0: Foul Ball, location: 2F
2-1: Foul Ball, location: 2F
2-2: Ball
3-2: Base on Balls
Ryan French to second
Batting: RHB Arvi Sutinen 0-0: Ball
1-0: Sac Bunt - play at first, batter OUT! 1-4
Ryan French to third
Steve Albright to second
Batting: RHB Brock Dean 0-0: Ball
1-0: Ball
2-0: Called Strike
2-1: Foul Ball, location: 2F
2-2: Strikes out swinging
Bottom of the 8th over - 0 runs, 0 hits, 0 errors, 2 left on base; Mercer Island 1 - Marquette 1
TOP OF THE 9TH
Mercer Island Screaming Eagles batting - Pitching for Marquette Miners : RHP Jude Cordingley
Pitching: RHP Shawn Stevenson
Now at 1B: Carlos Germán
Batting: RHB Bart Goodine 0-0: Ball
1-0: Foul Ball, location: 2F
1-1: Called Strike
1-2: Foul Ball, location: 2F
1-2: Foul Ball, location: 2F
1-2: Strikes out swinging
Batting: RHB Juan Dávila 0-0: Fly out, F7 (Line Drive, 78M)
Batting: SHB Serious Lee 0-0: Swinging Strike
0-1: Ball
1-1: Ball
2-1: Foul Ball, location: 2F
2-2: Strikes out swinging
Top of the 9th over - 0 runs, 0 hits, 0 errors, 0 left on base; Mercer Island 1 - Marquette 1
BOTTOM OF THE 9TH
Marquette Miners batting - Pitching for Mercer Island Screaming Eagles : RHP Esteban Miroz
Batting: RHB Sameen Shaw 0-0: Foul Ball, location: 2F
0-1: Ball
1-1: Ball
2-1: Foul Ball, location: 2F
2-2: SINGLE (Line Drive, 9S)
Batting: RHB Franklin Kelley 0-0: Foul Ball, location: 2F
0-1: Called Strike
0-2: Ball
1-2: Ball
2-2: Strikes out swinging
Batting: RHB Eli Cline 0-0: Fielders Choice at 2nd, 4-6 (Groundball, 34)
Batting: RHB Matt Cleveland 0-0: Swinging Strike
0-1: Ball
1-1: Called Strike
1-2: Strikes out swinging
Bottom of the 9th over - 0 runs, 1 hit, 0 errors, 1 left on base; Mercer Island 1 - Marquette 1
TOP OF THE 10TH
Mercer Island Screaming Eagles batting - Pitching for Marquette Miners : RHP Shawn Stevenson
Batting: RHB Ed Bowers 0-0: Ball
1-0: Ball
2-0: Foul Ball, location: 2F
2-1: Ball
3-1: Foul Ball, location: 2F
3-2: Foul Ball, location: 2F
3-2: Foul Ball, location: 2F
3-2: Base on Balls
Batting: SHB Jeffery Simpson 0-0: Called Strike
0-1: Foul Ball, location: 2F
0-2: Ground out U3 (Groundball, 3S)
Ed Bowers to second
Batting: RHB Oliver Burrell 0-0: Ball
1-0: Ball
2-0: Ball
3-0: Called Strike
3-1: Foul Ball, location: 2F
3-2: Base on Balls
Batting: RHB Juan Reyes 0-0: Called Strike
0-1: Fly out, F5 (Line Drive, 5S)
Batting: SHB Jason Graham 0-0: Foul Ball, location: 2F
0-1: Swinging Strike
0-2: Strikes out looking
Top of the 10th over - 0 runs, 0 hits, 0 errors, 2 left on base; Mercer Island 1 - Marquette 1
BOTTOM OF THE 10TH
Marquette Miners batting - Pitching for Mercer Island Screaming Eagles : RHP Esteban Miroz
Batting: LHB Carlos Germán 0-0: Foul Ball, location: 2F
0-1: Ball
1-1: DOUBLE (Line Drive, 9LD)
Batting: RHB Ryan French 0-0: Ball
1-0: Ball
2-0: Ball
3-0: Called Strike
3-1: Called Strike
3-2: Strikes out swinging
Batting: RHB Steve Albright 0-0: Intentional Walk
Batting: RHB Arvi Sutinen 0-0: Called Strike
Carlos Germán steals 3rd base
0-1: Foul Ball, location: 2F
0-2: Ball
Steve Albright steals 2nd base
1-2: Intentional Walk
Batting: RHB Brock Dean 0-0: Foul Ball, location: 2F
0-1: Foul Ball, location: 2F
0-2: Foul Ball, location: 2F
0-2: Fly out, F7 (Flyball, 7S)
Batting: RHB Sameen Shaw 0-0: Ball
1-0: Foul Ball, location: 2F
1-1: Ball
2-1: Called Strike
2-2: Foul Ball, location: 2F
2-2: Ball
3-2: Base on Balls
Carlos Germán scores
Steve Albright to third
Arvi Sutinen to second
Friday, March 29th, 2019 - OOTP Baseball 18.8 Build 76